 Dungeon Crawl Stone Soup version 0.19-a0-1239-gbb8a913 (webtiles) character file.

18497 Eeee the Carver (level 12, -2/97 HPs)
             Began as a Human Wanderer on Aug 26, 2016.
             Was a High Priest of Okawaru.
             Slain by a black mamba (10 damage)
             ... on level 2 of the Lair of Beasts.
             The game lasted 00:37:00 (20611 turns).

Eeee the Carver (Human Wanderer)                   Turns: 20611, Time: 00:37:00

Health: -2/97      AC: 17    Str: 21    XL:     12   Next: 95%
Magic:  17/18      EV: 12    Int: 15    God:    Okawaru [*****.]
Gold:   768        SH:  3    Dex: 11    Spells: 4 memorised, 13 levels left

rFire  . . .     SeeInvis .     B - +7 great sword "Vulock" {drain, rElec Stlth+}
rCold  + . .     Gourm    .     j - +2 chain mail {rC+}
rNeg   . . .     Faith    .     (shield currently unavailable)
rPois  .         Spirit   .     (helmet restricted)
rElec  +         Dismiss  .     y - +0 cloak
rCorr  .         Reflect  +     O - +0 pair of gloves
MR     .....     Harm     .     T - +1 pair of boots
Stlth  ++........               t - +3 amulet of reflection
                                d - ring of stealth
                                n - +2 ring of evasion

@: lethally poisoned (-2 -> -33), heroism
A: horns 1, clever 1, strong 1
a: Heroism, Finesse, Renounce Religion


You were on level 2 of the Lair of Beasts.
You worshipped Okawaru.
Okawaru was extremely pleased with you.
You were not hungry.

You visited 3 branches of the dungeon, and saw 15 of its levels.
You also visited: Sewer.

You collected 768 gold pieces.

Inventory:

Hand Weapons
 b - a +0 blowgun
 x - a +2 whip of draining
 B - the +7 great sword "Vulock" (weapon) {drain, rElec Stlth+}
   (You found it on level 8 of the Dungeon)

   A truly terrible weapon, it drains the life of those it strikes.
   It insulates you from electricity.
   It makes you more stealthy.
 U - a +2 great sword of freezing
Missiles
 i - 3 needles of sleeping
 z - 37 poisoned needles
 C - a throwing net (quivered)
Armour
 j - a +2 chain mail of cold resistance (worn)
 y - a +0 cloak (worn)
 L - the +1 robe "Ecithro" {rElec MR- Dex+4 Stlth+, unknown}
   (You found it on level 11 of the Dungeon)

   It affects your dexterity (+4).
   It insulates you from electricity.
   It affects your resistance to hostile enchantments.
   It makes you more stealthy.
 O - a +0 pair of gloves (worn)
 T - a +1 pair of boots (worn)
Jewellery
 d - a ring of stealth (right hand)
 e - an uncursed ring of stealth
 n - a +2 ring of evasion (left hand)
 s - an uncursed amulet of guardian spirit {unknown}
 t - a +3 amulet of reflection (around neck)
Wands
 A - a wand of flame (0/48)
 J - a wand of paralysis (14/24)
 R - a wand of slowing (9/48)
 V - a wand of digging (4/24)
 Y - a wand of paralysis (10/24)
Scrolls
 g - 4 scrolls of fog
 h - a scroll of fear {unknown}
 o - a scroll of silence {unknown}
 r - a scroll of immolation {unknown}
 w - 2 scrolls of magic mapping
 D - 4 scrolls of remove curse
 E - 5 scrolls of noise
 F - 2 scrolls of recharging
 H - 3 scrolls of teleportation
 I - a scroll of vulnerability {unknown}
 P - a scroll of enchant weapon
 S - a scroll of summoning {unknown}
 Z - 2 scrolls of enchant armour
Potions
 c - 2 potions of might
 k - 3 potions of curing
 m - 2 potions of flight
 q - a potion of heal wounds
 K - 3 potions of magic
Miscellaneous
 l - 2 phantom mirrors
Comestibles
 f - 11 bread rations
 p - 10 fruits
 v - a beef jerky
 M - 3 meat rations


   Skills:
 * Level 9.7(14.7) Fighting
 - Level 12.2(17.2) Long Blades
   Level 9.9(15.7) Axes
 - Level 6.3(14.0) Maces & Flails
 - Level 2.0(7.0) Armour
   Level 5.1(10.1) Shields
 - Level 4.0 Spellcasting
   Level 1.0 Earth Magic
 + Level 2.5 Invocations
 - Level 1.1 Evocations


You had 13 spell levels left.
You knew the following spells:

 Your Spells              Type           Power        Failure   Level  Hunger
a - Beastly Appendage     Tmut           #.....       96%         1    None
b - Corona                Hex            #......      96%         1    None
c - Summon Butterflies    Summ           #.......     96%         1    None
d - Gell's Gravitas       Hex/Tloc       #.........   100%        3    ###....


Dungeon Overview and Level Annotations

Branches:
Dungeon (12/15)            Temple (1/1) D:5            Lair (2/6) D:10
    Orc (0/2) D:11
  Swamp: Lair:2-4    Shoals: Lair:2-4     Snake: Lair:2-4    Spider: Lair:2-4

Altars:
Ashenzari
Cheibriados
Dithmenos
Elyvilon
Fedhas
Gozag
Hepliaklqana
Kikubaaqudgha
Makhleb
Nemelex Xobeh
Okawaru
Qazlal
Ru
Sif Muna
Trog
Uskayaw
Vehumet
Xom
Yredelemnul
Zin
The Shining One

Annotations:
D:2 exclusion: 2 downstairs
D:3 Deeps's ghost, amateur GrFi
D:7 exclusion: downstairs
D:8 exclusion: downstairs
D:10 exclusion: downstairs
D:11 exclusion: 2 downstairs
Lair:1 exclusion: downstairs
Lair:2 jujuben's ghost, novice SpBe


Innate Abilities, Weirdness & Mutations

You have a pair of small horns on your head.
Your mind is acute. (Int +2)
Your muscles are strong. (Str +2)


Message History

You kill the spiny frog!
Okawaru accepts your kill.
You feel sick.
The black mamba bites you but does no damage.
The black mamba bites you!
* * * LOW HITPOINT WARNING * * *
You are more poisoned.
The black mamba poisons you!
You slice the black mamba!! You headbutt the black mamba.
The black mamba is severely wounded.
* * * LOW HITPOINT WARNING * * *
You feel very sick. The black mamba misses you.
Unknown command.
You hit the black mamba. You drain the black mamba!
You headbutt the black mamba, but do no damage.
The black mamba is almost dead.
* * * LOW HITPOINT WARNING * * *
You feel sick. The black mamba bites you!
You die...

...##...P........###
...##............#.##
...##...............## .
...###............... ...
....##...#†...##..#.##.....
..Y.Y..##.†...#.⌠.#........
...#..###.........÷#.....$.
...#### ##....⌠.<.⌠#.+.....
...# ##..#.÷@..### ...$
..## #.....†S## ##. ..#
######..# #.. .....# #<#.
......#.# ....#.......
......⌠...... ....#.....#..
#F........ ..#


You could see a black mamba.

Vanquished Creatures
  3 hill giants
  An ugly thing (D:10)
  3 manticores
  A black mamba (Lair:1)
  3 elephants (Lair:2)
  Joseph (D:8)
  4 spiny frogs
  A gargoyle (D:10)
  A komodo dragon (D:10)
  A troll (D:10)
  5 slime creatures (D:11)
  3 blink frogs
  20 yaks
  A shadow (D:11)
  A basilisk (Lair:1)
  A spriggan (D:7)
  Grum (D:11)
  3 hippogriffs
  A vampire mosquito (D:11)
  4 hungry ghosts
  The ghost of elan the Insei, an amateur OpTm of Cheibriados (D:4)
  A porcupine (Lair:1)
  An ice beast (D:11)
  A sky beast (D:7)
  2 black bears
  A wasp (Lair:1)
  3 ogres
  3 orc warriors
  An eye of draining (D:10)
  A necrophage (D:6)
  3 wolves
  A phantom (D:6)
  2 centaurs
  A big kobold (D:10)
  9 crocodiles
  5 giant frogs
  A water moccasin zombie (D:6)
  3 scorpions
  2 troll zombies (D:11)
  9 wights
  3 killer bees (D:10)
  A howler monkey (D:10)
  2 electric eels (Lair:1)
  7 crimson imps
  4 orc priests
  5 centaur skeletons
  A quasit (D:9)
  6 hounds
  3 jellies
  A giant frog skeleton (D:5)
  6 orc wizards
  5 iguanas
  2 worker ants
  A killer bee zombie (D:3)
  11 sheep
  6 ogre zombies (D:11)
  A hound zombie (D:10)
  A hound skeleton (D:10)
  4 gnolls
  18 adders
  A howler monkey skeleton (D:11)
  8 river rats
  An adder zombie (D:9)
  4 oozes
  2 adder skeletons
  2 worms
  4 dart slugs
  5 giant geckos
  31 orcs
  12 ball pythons
  8 bats
  9 giant cockroaches
  8 goblins
  6 hobgoblins
  4 jackals (D:2)
  17 kobolds
  7 quokkas
  A giant cockroach zombie (D:6)
  7 giant newts
  4 goblin skeletons (D:11)
  3 goblin zombies (D:11)
  A hobgoblin skeleton (D:11)
  2 hobgoblin zombies (D:11)
  A jackal zombie (D:6)
  4 orc skeletons (D:11)
  11 orc zombies (D:11)
  32 rats
393 creatures vanquished.

Vanquished Creatures (others)
  A centaur (D:8)
  A fungus (Lair:2)
  4 plants
6 creatures vanquished.

Grand Total: 399 creatures vanquished

Notes
Turn   | Place    | Note
-------+----------+-------------------------------------------
     0 | D:1      | Eeee the Human Wanderer began the quest for the Orb.
     0 | D:1      | Eeee set off with: a +2 scale mail, the Grimoire of Transmutation, a potion of lignification, a +0 club, a bread ration
     0 | D:1      | Reached XP level 1. HP: 13/13 MP: 5/5
     0 | D:1      | Identified the Grimoire of Transmutation
    70 | D:1      | Reached skill level 1 in Fighting
   115 | D:1      | Reached XP level 2. HP: 21/21 MP: 7/7
   456 | D:1      | Reached XP level 3. HP: 21/28 MP: 8/8
  1161 | D:1      | Reached XP level 4. HP: 29/35 MP: 10/10
  1305 | D:2      | Learned a level 1 spell: Beastly Appendage
  2021 | D:2      | Found an opulent altar of Gozag.
  2027 | D:2      | Found a faded altar of an unknown god.
  2793 | D:3      | Reached XP level 5. HP: 38/42 MP: 11/11
  2883 | D:3      | Found a shimmering altar of Xom.
  2910 | D:3      | Noticed Deeps's ghost (amateur GrFi)
  3955 | D:3      | Found an opulent altar of Gozag.
  4078 | D:4      | Reached XP level 6. HP: 47/49 MP: 12/12
  4412 | D:4      | Found a glowing drain.
  4419 | Sewer    | Entered a sewer
  5218 | Sewer    | Reached XP level 7. HP: 52/55 MP: 13/13
  5387 | Sewer    | Gained mutation: Your mind is acute. (Int +2) [potion of mutation]
  5387 | Sewer    | Gained mutation: You have a pair of small horns on your head. [potion of mutation]
  5387 | Sewer    | Gained mutation: Your muscles are strong. (Str +2) [potion of mutation]
  5415 | Sewer    | Reached skill level 5 in Fighting
  5415 | Sewer    | Reached skill level 5 in Shields
  5779 | D:4      | Noticed elan's ghost (amateur OpTm)
  5800 | D:4      | Killed elan's ghost
  6334 | D:4      | Reached XP level 8. HP: 38/62 MP: 14/14
  6356 | D:4      | Found a white marble altar of Elyvilon.
  6356 | D:4      | Found a blossoming altar of Fedhas.
  6405 | D:5      | Entered Level 5 of the Dungeon
  6490 | D:5      | Found a radiant altar of Vehumet.
  6815 | D:5      | Found a staircase to the Ecumenical Temple.
  6871 | Temple   | Entered the Ecumenical Temple
  7057 | Temple   | Became a worshipper of Warmaster Okawaru
  7440 | D:5      | Reached skill level 5 in Maces & Flails
  7866 | D:6      | Reached * piety under Okawaru
  7907 | D:5      | HP: 2/62 [orc warrior/mace (15)]
  8232 | D:6      | Reached XP level 9. HP: 61/68 MP: 15/15
  8422 | D:6      | Reached skill level 5 in Axes
  9582 | D:7      | Found a stormy altar of Qazlal.
  9766 | D:7      | Reached ** piety under Okawaru
 10345 | D:8      | Noticed a manticore
 10354 | D:8      | Killed a manticore
 10354 | D:8      | Reached *** piety under Okawaru
 10354 | D:8      | Reached XP level 10. HP: 14/74 MP: 16/16
 10683 | D:8      | Noticed Joseph
 10973 | D:8      | Killed Joseph
 11153 | D:8      | Got a transparent great sword
 11155 | D:8      | Identified the +7 great sword "Vulock" {drain, rElec Stlth+} (You found it on level 8 of the Dungeon)
 11610 | D:8      | Reached skill level 1 in Long Blades
 11617 | D:8      | Reached skill level 2 in Long Blades
 11719 | D:9      | Reached skill level 1 in Invocations
 11741 | D:8      | Reached skill level 3 in Long Blades
 12121 | D:9      | Found a snail-covered altar of Cheibriados.
 12362 | D:9      | Reached skill level 4 in Long Blades
 12426 | D:9      | Reached **** piety under Okawaru
 12426 | D:9      | Reached skill level 5 in Long Blades
 12922 | D:10     | Entered Level 10 of the Dungeon
 12922 | D:10     | Noticed a hill giant
 12937 | D:10     | Killed a hill giant
 12937 | D:10     | Reached skill level 6 in Long Blades
 12995 | D:10     | Noticed a komodo dragon
 13012 | D:10     | Killed a komodo dragon
 13012 | D:10     | Reached XP level 11. HP: 40/79 MP: 8/17
 13106 | D:10     | Found a staircase to the Lair.
 13209 | D:10     | Reached skill level 7 in Long Blades
 13236 | D:10     | Reached skill level 8 in Long Blades
 13489 | D:10     | Reached ***** piety under Okawaru
 13583 | D:10     | Reached skill level 9 in Long Blades
 14097 | D:11     | Noticed a manticore
 14114 | D:11     | Killed a manticore
 14541 | D:11     | Noticed a green ugly thing
 14543 | D:11     | Got a heavy robe
 14911 | D:11     | Noticed Grum
 14928 | D:11     | Killed Grum
 14942 | D:11     | Noticed a hill giant
 14956 | D:11     | Killed a hill giant
 14956 | D:11     | Reached skill level 10 in Long Blades
 15017 | D:10     | Killed a green ugly thing
 15028 | D:10     | HP: 3/79 [poisoned by a green ugly thing]
 15033 | D:10     | HP: 2/79 [poisoned by a green ugly thing]
 15040 | D:10     | HP: 2/79 [poisoned by a green ugly thing]
 15048 | D:10     | HP: 2/79 [poisoned by a green ugly thing]
 16066 | D:11     | Found a staircase to the Orcish Mines.
 16152 | D:10     | Received a gift from Okawaru
 16152 | D:10     | Reached skill level 11 in Long Blades
 16915 | D:11     | Reached XP level 12. HP: 64/86 MP: 18/18
 17292 | D:12     | HP: 4/86 [manticore (3)]
 17738 | D:12     | Reached skill level 12 in Long Blades
 18137 | Lair:1   | Entered Level 1 of the Lair of Beasts
 18470 | Lair:1   | Found a shimmering altar of Xom.
 19399 | Lair:2   | Noticed a seven-headed hydra
 19455 | Lair:1   | Learned a level 1 spell: Corona
 19457 | Lair:1   | Learned a level 1 spell: Summon Butterflies
 19461 | Lair:1   | Learned a level 3 spell: Gell's Gravitas
 19778 | Lair:2   | Noticed jujuben's ghost (novice SpBe)
 20611 | Lair:2   | Slain by a black mamba

Vault maps used:
D:1:      mainiacjoe_arrival_reflecting_pool
D:2:      old_standard_altar, ecumenical_altar_2, first_bread
D:3:      overflow_temple_1_default, grunt_gozag_statues
D:4:      amethyst_overflow_temple_binary, gup_sewer_entry_bubbles
D:5:      vehumet_altar_wand_db, minmay_misc_feat_five
D:6:      nicolae_ossuary_entry_ruins
D:7:      old_standard_altar, the_bakery
D:8:      enter_bailey_2, uniq_joseph
D:9:      cheibrodos_worm_habitat
D:10:     david_lair_shrubbed, kennysheep_generic_room_13
D:11:     zombieorc2_lemuel, minivault_24, uniq_grum
D:12:     uniq_kirke
Temple:   nicolae_temple_great_sept
Lair:1:   serial_bayou, serial_bayou_pond_a, serial_bayou_ford_a,
          serial_bayou_lagoon_a, serial_bayou_crossing, serial_bayou_pond_a,
          basic_altar
Lair:2:   beast_lair_carwin_8, grunt_megastairs_1, lemuel_fruit_tree
Sewer:    sewer_minmay_w

Skill      XL: |  1  2  3  4  5  6  7  8  9 10 11 12 |
---------------+-------------------------------------+-----
Fighting       | 1 2 3 4 5 9 |  9.7
Shields        | 2 4 5 |  5.1
Maces & Flails | 3 6 |  6.3
Axes           | 3 8 9 |  9.9
Long Blades    | 6 11 12 | 12.2
Invocations    | 1 2 |  2.5
Armour         | |  2.0
Spellcasting   | |  4.0
Earth Magic    | |  1.0
Evocations     | |  1.1

Action                   |  1- 3 |  4- 6 |  7- 9 | 10-12 || total
-------------------------+-------+-------+-------+-------++-------
Melee: Club              |    27 |       |       |       ||    27
       Mace              |    84 |   151 |       |       ||   235
       Flail             |       |   308 |   429 |       ||   737
       Headbutt          |       |       |    73 |   245 ||   318
       War axe           |       |       |    23 |    57 ||    80
       Whip              |       |       |       |   892 ||   892
       Great sword       |       |       |       |   183 ||   183
 Fire: Hunting sling     |       |     2 |       |       ||     2
Invok: Heroism           |       |       |       |    10 ||    10
Evoke: Wand              |       |     3 |    22 |    24 ||    49
  Use: Potion            |     1 |     2 |    10 |     3 ||    16
       Scroll            |       |       |     9 |    14 ||    23
  Eat: Chunk             |     1 |    14 |    13 |    28 ||    56
       Meat ration       |       |       |     1 |     1 ||     2
       Pizza             |       |       |       |     2 ||     2
       Beef jerky        |       |       |       |     3 ||     3
Armor: Scale mail        |    57 |   315 |   167 |   176 ||   715
       Skin              |    18 |       |       |       ||    18
       Chain mail        |       |       |       |   141 ||   141
Dodge: Dodged            |    65 |   260 |   127 |   240 ||   692
Block: Shield            |       |   372 |   326 |   459 ||  1157
       Reflection        |       |       |     1 |    16 ||    17
       Other             |       |       |       |    16 ||    16
